AoeStats
← Pippin le bref

Arena

505521402Analyzed
4v4 RM · 21d ago on Sep 9, 2026· 59m 20s· 8 players
Game mode
Random Map
Map size
Large (8 player)
Population
200
Speed
Normal
Resources
Standard
Victory
Conquest
Starting age
Dark Age
Ending age
Imperial Age
RankedLock teamsTeams togetherTeam positionsShared explorationLock speedFull tech treeHidden civsTurbo modeCheats
Victory
Defeat
🇦🇷 Magyars · Argentina
1000
+15
🇨🇳 Ethiopians · China
975
+16
🇮🇳 Bohemians · India
915
+38
🇨🇴 Romans · Colombia
903
+19
🇪🇸 Teutons · Spain
1001
-18
🇫🇷 Tatars · France
978
-17
🇺🇸 Malians · United States
968
-17
🇪🇸 Armenians · Spain
948
-16
Pippin le bref
12:08 Feudal Age
13:04 Loom
16:26 Castle Age
14:18 Double-Bit Axe
17:36 Bow Saw
17:07 Horse Collar
19:05 Wheelbarrow
24:33 Heavy Plow
29:39 Imperial Age
27:49 Fletching
27:59 Padded Archer Armor
27:58 Murder Holes
28:15 Town Watch
28:28 Bodkin Arrow
29:38 Leather Archer Armor
30:00 Husbandry
30:10 Bloodlines
31:42 Chemistry
31:05 Conscription
30:55 Bracer
31:35 Ballistics
32:38 Ring Archer Armor
32:59 Fortified Wall
33:32 Silk Armor
33:08 Heavy Cavalry Archer
34:19 Scale Barding Armor
34:26 Forging
34:49 Masonry
34:32 Light Cavalry
35:18 Hussar
36:59 Chain Barding Armor
38:54 Crop Rotation
38:26 Town Patrol
40:19 Plate Barding Armor
40:20 Timurid Siegecraft
42:17 Iron Casting
42:07 Siege Engineers
44:11 Blast Furnace
43:07 Guard Tower
43:40 Treadmill Crane
45:25 Bombard Tower
51:24 Capped Ram
54:06 Siege Ram
55:40 Caravan
55:03 Elite Keshik
nachovigo5
11:19 Feudal Age
12:04 Double-Bit Axe
18:17 Castle Age
19:16 Wheelbarrow
18:45 Horse Collar
20:50 Hand Cart
22:27 Heavy Plow
24:59 Bow Saw
27:00 Gold Mining
27:37 Stone Mining
28:43 Town Watch
31:38 Imperial Age
31:07 Ballistics
30:58 Fortified Wall
31:13 Town Patrol
30:59 Loom
31:52 Stone Shaft Mining
32:03 Stone Shaft Mining
31:42 Bloodlines
31:44 Forging
31:34 Scale Mail Armor
31:25 Fletching
31:36 Padded Archer Armor
31:28 Elite Skirmisher
33:39 Chemistry
34:51 Bodkin Arrow
35:12 Leather Archer Armor
35:32 Iron Casting
35:12 Chain Mail Armor
36:09 Leather Archer Armor
36:09 Chain Mail Armor
36:30 Iron Casting
36:38 Crenellations
43:31 Ring Archer Armor
43:08 Scale Barding Armor
44:04 Blast Furnace
43:34 Plate Mail Armor
43:19 Cavalier
57:05 Man-at-Arms
revientamuros
0:37 Loom
11:41 Feudal Age
12:38 Town Watch
12:53 Double-Bit Axe
14:18 Wheelbarrow
13:58 Horse Collar
17:08 Gold Mining
20:43 Castle Age
18:59 Stone Mining
22:36 Gold Shaft Mining
22:13 Bow Saw
22:29 Heavy Plow
23:03 Fervor
23:03 Squires
23:18 Fervor
23:29 Sanctity
26:10 Hand Cart
27:19 Scale Mail Armor
27:30 Forging
31:20 Imperial Age
29:16 Ballistics
28:54 Fletching
31:39 Masonry
32:28 Conscription
31:34 Capped Ram
32:27 Bodkin Arrow
32:48 Chain Mail Armor
33:09 Iron Casting
32:37 Padded Archer Armor
32:25 Arson
35:27 Siege Ram
37:48 Blast Furnace
37:19 Plate Mail Armor
36:50 Bracer
37:05 Leather Archer Armor
36:24 Elite Composite Bowman
38:59 Fereters
42:03 Chemistry
53:09 Pikeman
57:02 Ring Archer Armor
The HypnoToad
8:49 Loom
11:02 Feudal Age
12:06 Horse Collar
12:12 Double-Bit Axe
20:10 Castle Age
20:26 Pikeman
21:39 Squires
23:14 Wheelbarrow
23:00 Scale Mail Armor
25:17 Light Cavalry
26:07 Bloodlines
25:57 Husbandry
26:38 Gold Mining
27:01 Bow Saw
26:54 Heavy Plow
30:22 Imperial Age
27:47 Stone Mining
28:15 Scale Barding Armor
28:20 Forging
28:29 Town Watch
29:47 Chain Barding Armor
29:38 Forging
33:17 Plate Barding Armor
33:19 Iron Casting
33:57 Farimba
36:08 Onager
38:28 Tigui
40:26 Fletching
Rogebeto
5:04 Loom
11:12 Feudal Age
12:29 Wheelbarrow
12:04 Horse Collar
12:13 Double-Bit Axe
18:29 Castle Age
16:51 Gold Mining
19:49 Hand Cart
23:56 Bow Saw
24:06 Heavy Plow
26:25 Stone Mining
32:31 Imperial Age
31:59 Ballistas
33:02 Ballistics
32:37 Heavy Scorpion
37:59 Padded Archer Armor
37:49 Fletching
41:59 Fletching
42:09 Padded Archer Armor
48:36 Leather Archer Armor
48:16 Bodkin Arrow
53:37 Bodkin Arrow
53:58 Leather Archer Armor
54:21 Capped Ram
战丶无双
10:40 Feudal Age
14:55 Castle Age
12:46 Double-Bit Axe
13:37 Horse Collar
15:22 Gold Mining
16:26 Bow Saw
19:48 Stone Mining
20:03 Loom
23:49 Wheelbarrow
29:50 Imperial Age
28:08 Hand Cart
27:23 Crossbowman
28:27 Fletching
28:39 Padded Archer Armor
28:49 Heavy Plow
29:12 Bodkin Arrow
29:24 Thumb Ring
30:43 Gold Shaft Mining
30:43 Stone Shaft Mining
30:42 Leather Archer Armor
31:09 Ballistics
31:49 Chemistry
30:54 Bracer
31:19 Conscription
33:24 Two-Man Saw
32:19 Arbalester
35:18 Ring Archer Armor
35:00 Forging
34:51 Scale Mail Armor
35:20 Royal Heirs
36:14 Squires
36:00 Arson
35:45 Elite Shotel Warrior
37:33 Chain Mail Armor
37:56 Iron Casting
38:19 Torsion Engines
38:59 Plate Mail Armor
41:14 Blast Furnace
43:51 Capped Ram
44:49 Siege Ram
47:25 Onager
darockstar686
9:54 Feudal Age
16:47 Castle Age
18:40 Horse Collar
18:46 Double-Bit Axe
21:32 Fervor
23:06 Wheelbarrow
23:02 Loom
23:03 Town Watch
24:00 Bow Saw
25:34 Hand Cart
26:42 Heavy Plow
27:10 Town Patrol
29:01 Scale Mail Armor
29:02 Padded Archer Armor
28:52 Fletching
31:59 Fortified Wall
31:45 Murder Holes
33:13 Chemistry
32:34 Ballistics
37:19 Imperial Age
35:34 Chain Mail Armor
36:59 Forging
36:45 Bodkin Arrow
37:05 Leather Archer Armor
37:31 Pikeman
38:11 Squires
37:57 Arson
38:50 Conscription
40:00 Plate Mail Armor
40:01 Ring Archer Armor
39:32 Bracer
40:07 Iron Casting
39:47 Masonry
39:18 Treadmill Crane
40:18 Wagenburg Tactics
40:46 Halberdier
42:13 Elite Hussite Wagon
44:42 Two-Man Saw
43:46 Caravan
58:02 Houfnice
secoseco
10:26 Feudal Age
11:03 Double-Bit Axe
17:03 Castle Age
16:45 Scale Barding Armor
17:59 Horse Collar
18:56 Gold Mining
21:23 Padded Archer Armor
22:22 Husbandry
24:06 Fletching
25:13 Thumb Ring
25:54 Wheelbarrow
25:05 Town Watch
26:45 Heavy Plow
26:56 Bow Saw
28:45 Gold Shaft Mining
29:04 Pikeman
30:51 Bodkin Arrow
30:56 Scale Mail Armor
31:13 Leather Archer Armor
32:19 Chain Barding Armor
32:09 Arson
33:13 Hand Cart
35:56 Bloodlines
36:24 Ballistics
39:03 Stone Mining
38:43 Light Cavalry
39:40 Treadmill Crane
40:11 Masonry
47:15 Imperial Age
44:48 Corvinian Army
46:14 Murder Holes
48:00 Caravan
48:23 Conscription
48:24 Recurve Bow
49:18 Parthian Tactics
49:32 Parthian Tactics
49:02 Cavalier
50:08 Bracer
50:54 Hoardings
51:50 Plate Barding Armor
51:45 Ring Archer Armor
54:26 Hussar
55:54 Loom
Connection lost

Rejoining the realm…

Still unreachable

The connection could not be restored.

Session expired

The server has moved on; the page needs a fresh start.